Blues vs Golden Knights

Created - March 8, 2023 at 19:06

Goals
1 2 3 T
Blues 2 2 2 6
Golden Knights 1 2 1 4
Shots
1 2 3 T
Blues 14 9 9 32
Golden Knights 13 8 13 34

1st period

1. Blues , Adam Henrique 17 (Nikolaj Ehlers 25) at 15:40
2. Blues , Filip Forsberg 28 (Tyler Johnson 33, Nathan MacKinnon 24) at 16:54
3. Golden Knights , Jake Guentzel 25 (Steven Stamkos 51, Jordan Eberle 25) at 19:10

Penalties :
Jacob Slavin (Stl) for High sticking (Minor) at 10:43

2nd period

4. Blues , Adam Henrique 18 (Nikolaj Ehlers 26, Cody Ceci 6) at 2:02
5. Golden Knights , Jordan Eberle 23 (Steven Stamkos 52) at 2:11
6. Golden Knights , Jamie Oleksiak 2 (Paul Stastny 9) at 14:55
7. Blues , Tyler Johnson 16 (Adam Henrique 35) at 17:44 (PP)

Penalties :
Vladimir Mihalik (Veg) for Holding (Minor) at 3:49, Tom Wilson (Veg) for Roughing (Minor) at 12:14, Christopher Tanev (Veg) for Roughing (Minor) at 17:42

3rd period

8. Golden Knights , Alexander Radulov 17 (Olli Maatta 7) at 1:28
9. Blues , Adam Henrique 19 (Nikolaj Ehlers 27, David Perron 13) at 3:32
10. Blues , David Perron 21 (Matt Martin 14) at 17:47

Penalties :
Andrei Loktionov (Veg) for Tripping (Minor) at 3:51, Alex Pietrangelo (Stl) for Tripping (Minor) at 11:36, Brandon Montour (Stl) for Holding (Minor) at 15:16

Goalie Stats

Carey Price (Stl), 30 saves from 34 shots - (0.882), W, 29-10-3, 60:00 minutes
Ondrej Pavelec (Veg), 26 saves from 32 shots - (0.813), L, 25-15-1, 60:00 minutes

Players Stats for Blues

Player Name              G  A  P  +/- PIM S  H  SB GA TA FO     MP     PP MP  PK MP  
------------------------------------------------------------------------------------
Adam Henrique            3  1  4   4  0   7  3  0  2  0  6/12   18:01   3:08   1:14 
Alex Pietrangelo         0  0  0   1  2   1  1  2  1  2  0/0    24:12   3:16   1:25 
Brandon Montour          0  0  0   0  2   0  1  4  0  0  0/0    18:53   2:43   1:30 
Cody Ceci                0  1  1   0  0   0  0  1  0  1  0/0    17:41   0:00   3:43 
David Perron             1  1  2   4  0   1  1  1  0  0  0/0    17:25   2:42   1:04 
Devin Setoguchi          0  0  0  -1  0   2  1  0  1  0  1/1    12:19   0:09   0:00 
Devin Shore              0  0  0  -1  0   1  1  0  0  1  2/4    13:31   0:00   1:30 
Drew Shore               0  0  0   0  0   0  0  0  0  0  5/7    10:01   0:00   3:13 
Filip Forsberg           1  0  1  -2  0   3  2  0  1  0  0/2    18:59   3:17   0:00 
Jacob Slavin             0  0  0   1  2   2  1  0  0  2  0/0    24:23   3:16   1:33 
Martin Marincin          0  0  0   0  0   0  0  1  0  0  0/0    13:23   0:00   3:43 
Matt Martin              0  1  1  -1  0   2  0  0  0  2  0/0    11:44   0:00   0:00 
Nathan MacKinnon         0  1  1  -2  0   2  1  1  0  0  11/25  18:08   2:42   0:00 
Nick Schmaltz            0  0  0   0  0   0  2  0  0  0  0/0     7:05   0:00   0:00 
Nikolaj Ehlers           0  3  3   4  0   3  0  0  0  0  1/2    16:12   2:42   0:00 
Samuel Morin             0  0  0   0  0   1  0  0  0  0  0/0     8:13   0:00   1:30 
Seth Jones               0  0  0   0  0   3  0  1  0  0  0/0    21:35   2:43   0:00 
Tyler Johnson            1  1  2  -2  0   4  0  0  1  0  1/1    22:15   3:17   3:23 

Players Stats for Golden Knights

Player Name              G  A  P  +/- PIM S  H  SB GA TA FO     MP     PP MP  PK MP  
------------------------------------------------------------------------------------
Alexander Radulov        1  0  1   1  0   4  1  0  0  0  1/2    15:47   2:40   0:00 
Andrei Loktionov         0  0  0   1  2   6  1  0  0  0  4/7    17:25   2:40   1:45 
Andrew Cogliano          0  0  0   1  0   3  0  0  0  2  0/1    18:15   2:40   2:22 
Anton Lindholm           0  0  0  -1  0   0  1  0  0  0  0/0    11:55   0:00   0:00 
Christopher Tanev        0  0  0  -1  2   1  2  2  0  0  0/0    21:39   2:29   2:26 
Jake Guentzel            1  0  1   0  0   3  2  0  1  0  1/2    22:35   3:17   3:11 
Jamie Oleksiak           1  0  1  -1  0   1  2  0  0  1  0/0    12:45   0:00   0:44 
Jordan Eberle            1  1  2   0  0   5  1  0  0  0  0/2    19:18   3:17   0:00 
Kyle Rau                 0  0  0  -2  0   0  1  1  0  1  1/4     7:53   0:00   0:59 
Lawson Crouse            0  0  0  -2  0   0  1  1  0  0  1/1     7:23   0:00   0:29 
Luke Glendening          0  0  0  -2  0   0  0  0  1  0  0/0     6:54   0:00   0:00 
Mathew Dumba             0  0  0   1  0   1  0  1  0  2  0/0    26:25   3:28   3:33 
Max Reinhart             0  0  0   0  0   1  0  0  1  0  2/5    12:02   0:00   0:00 
Olli Maatta              0  1  1   1  0   3  2  1  1  0  0/0    26:25   3:28   3:33 
Paul Stastny             0  1  1   0  0   3  2  0  2  0  0/0    11:50   0:00   0:00 
Steven Stamkos           0  2  2   0  0   2  1  0  2  0  17/30  22:36   3:17   3:12 
Tom Wilson               0  0  0   0  2   0  3  0  0  0  0/0    11:55   0:00   0:00 
Vladimir Mihalik         0  0  0  -1  2   1  0  3  0  0  0/0    20:55   2:29   1:42 

3 Stars

1 - Adam Henrique (Stl)
2 - David Perron (Stl)
3 - Nikolaj Ehlers (Stl)

Power Play

Blues - 1 on 4 Attempt(s) - 25.00%
Golden Knights - 0 on 3 Attempt(s) - 0.00%

Penalty Kill

Blues - 3 on 3 Attempt(s) - 100.00% - Score 0 goal in Penalty Kill
Golden Knights - 3 on 4 Attempt(s) - 75.00% - Score 0 goal in Penalty Kill

Team Stat

Blues - Hits : 14 - Faceoff Wins : 27 - Blocked Shots : 11 - Penalty Minutes : 6
Golden Knights - Hits : 20 - Faceoff Wins : 27 - Blocked Shots : 9 - Penalty Minutes : 8

Official

Referees : Tim Peel and Francois St. Laurent
Linesman : Matt MacPherson and Jesse Marquis

Game Notes

Adam Henrique has scored a Hat Trick!

Finance

Level 1 -- Attendance: 5902 (98.37%) -- Ticket Income $590,200
Level 2 -- Attendance: 5000 (100.00%) -- Ticket Income $300,000
Level 3 -- Attendance: 2000 (100.00%) -- Ticket Income $70,000
Level 4 -- Attendance: 4000 (100.00%) -- Ticket Income $100,000
Luxury Box -- Attendance: 1000 (100.00%) -- Ticket Income $200,000
Game was played at the T-Mobile Arena.
Total Attendance: 17902 (99.46%)
Total Ticket Income: $1,260,200
Other Income: $189,030
Total Income: $1,449,230

Blues

5 vs 5 Forward 
   Center                   Left Wing                Right Wing               Time % Phy DF OF 
 1 Nathan MacKinnon         Filip Forsberg           Tyler Johnson            40     1   2  2  
 2 Adam Henrique            David Perron             Nikolaj Ehlers           30     1   2  2  
 3 Devin Shore              Matt Martin              Devin Setoguchi          20     1   2  2  
 4 Drew Shore               Samuel Morin             Nick Schmaltz            10     1   2  2  

5 vs 5 Defense 
   Defense                  Defense                                           Time % Phy DF OF 
 1 Alex Pietrangelo         Jacob Slavin                                      40     1   2  2  
 2 Cody Ceci                Seth Jones                                        30     1   2  2  
 3 Martin Marincin          Brandon Montour                                   20     1   2  2  
 4 Seth Jones               Brandon Montour                                   10     1   2  2  

PowerPlay Forward 
   Center                   Left Wing                Right Wing               Time % Phy DF OF 
 1 Adam Henrique            Filip Forsberg           Tyler Johnson            60     1   2  2  
 2 Nathan MacKinnon         David Perron             Nikolaj Ehlers           40     1   2  2  

PowerPlay Defense
   Defense                  Defense                                           Time % Phy DF OF 
 1 Alex Pietrangelo         Jacob Slavin                                      60     1   2  2  
 2 Brandon Montour          Seth Jones                                        40     1   2  2  

Penalty Kill 4 Players Forward 
   Center                   Wing                     Time % Phy DF OF 
 1 Drew Shore               Tyler Johnson            60     1   2  2  
 2 Devin Shore              Samuel Morin             40     1   2  2  

Penalty Kill 4 Players Defense
   Defense                  Defense                  Time % Phy DF OF 
 1 Cody Ceci                Martin Marincin          60     1   2  2  
 2 Jacob Slavin             Brandon Montour          40     1   2  2  

Penalty Kill - 3 Players Forward 
   Forward                                           Time % Phy DF OF 
 1 Devin Shore                                       60     1   2  2  
 2 Drew Shore                                        40     1   2  2  

Penalty Kill - 3 Players Defense
   Defense                  Defense                  Time % Phy DF OF 
 1 Cody Ceci                Martin Marincin          60     1   2  2  
 2 Seth Jones               Brandon Montour          40     1   2  2  

4 vs 4 Forward 
   Center                   Wing                     Time % Phy DF OF 
 1 Adam Henrique            Filip Forsberg           60     1   2  2  
 2 Nathan MacKinnon         Tyler Johnson            40     1   2  2  

4 vs 4 Defense
   Defense                  Defense                  Time % Phy DF OF 
 1 Alex Pietrangelo         Martin Marincin          60     1   2  2  
 2 Brandon Montour          Seth Jones               40     1   2  2  

Last Minutes Offensive
   Center                   Left Wing                Right Wing               Defense                  Defense                  
   Nathan MacKinnon         Filip Forsberg           Tyler Johnson            Alex Pietrangelo         Seth Jones               

Last Minutes Defensive
   Center                   Left Wing                Right Wing               Defense                  Defense                  
   Drew Shore               Samuel Morin             Tyler Johnson            Cody Ceci                Martin Marincin          

Goaltenders
Starting : Carey Price              
Backup : Joonas Korpisalo         

Extra Forwards
Normal : Nikolaj Ehlers, Devin Shore, Nick Schmaltz - PP : Devin Setoguchi, Devin Shore - PK : Tyler Johnson
Extra Defensemen
Normal : Martin Marincin, Brandon Montour, Jacob Slavin - PP : Brandon Montour - PK : Alex Pietrangelo, Brandon Montour
Penalty Shots
David Perron, Matt Martin, Filip Forsberg, Devin Shore, Tyler Johnson

Scratches
Linus Omark (Healthy), Patrick Kaleta (Healthy)

Golden Knights

5 vs 5 Forward 
   Center                   Left Wing                Right Wing               Time % Phy DF OF 
 1 Steven Stamkos           Jake Guentzel            Jordan Eberle            40     1   2  2  
 2 Andrei Loktionov         Andrew Cogliano          Alexander Radulov        30     1   2  2  
 3 Max Reinhart             Paul Stastny             Tom Wilson               20     1   2  2  
 4 Kyle Rau                 Lawson Crouse            Luke Glendening          10     1   2  2  

5 vs 5 Defense 
   Defense                  Defense                                           Time % Phy DF OF 
 1 Mathew Dumba             Olli Maatta                                       40     1   2  2  
 2 Vladimir Mihalik         Christopher Tanev                                 30     1   2  2  
 3 Jamie Oleksiak           Anton Lindholm                                    20     1   2  2  
 4 Mathew Dumba             Olli Maatta                                       10     1   2  2  

PowerPlay Forward 
   Center                   Left Wing                Right Wing               Time % Phy DF OF 
 1 Steven Stamkos           Jake Guentzel            Jordan Eberle            60     1   2  2  
 2 Andrei Loktionov         Andrew Cogliano          Alexander Radulov        40     1   2  2  

PowerPlay Defense
   Defense                  Defense                                           Time % Phy DF OF 
 1 Mathew Dumba             Olli Maatta                                       60     1   2  2  
 2 Vladimir Mihalik         Christopher Tanev                                 40     1   2  2  

Penalty Kill 4 Players Forward 
   Center                   Wing                     Time % Phy DF OF 
 1 Steven Stamkos           Jake Guentzel            60     1   2  2  
 2 Andrei Loktionov         Andrew Cogliano          40     1   2  2  

Penalty Kill 4 Players Defense
   Defense                  Defense                  Time % Phy DF OF 
 1 Mathew Dumba             Olli Maatta              60     1   2  2  
 2 Vladimir Mihalik         Christopher Tanev        40     1   2  2  

Penalty Kill - 3 Players Forward 
   Forward                                           Time % Phy DF OF 
 1 Steven Stamkos                                    60     1   2  2  
 2 Andrei Loktionov                                  40     1   2  2  

Penalty Kill - 3 Players Defense
   Defense                  Defense                  Time % Phy DF OF 
 1 Mathew Dumba             Olli Maatta              60     1   2  2  
 2 Vladimir Mihalik         Christopher Tanev        40     1   2  2  

4 vs 4 Forward 
   Center                   Wing                     Time % Phy DF OF 
 1 Steven Stamkos           Jake Guentzel            60     1   2  2  
 2 Andrei Loktionov         Andrew Cogliano          40     1   2  2  

4 vs 4 Defense
   Defense                  Defense                  Time % Phy DF OF 
 1 Mathew Dumba             Olli Maatta              60     1   2  2  
 2 Vladimir Mihalik         Christopher Tanev        40     1   2  2  

Last Minutes Offensive
   Center                   Left Wing                Right Wing               Defense                  Defense                  
   Steven Stamkos           Jake Guentzel            Jordan Eberle            Mathew Dumba             Olli Maatta              

Last Minutes Defensive
   Center                   Left Wing                Right Wing               Defense                  Defense                  
   Steven Stamkos           Jake Guentzel            Jordan Eberle            Mathew Dumba             Olli Maatta              

Goaltenders
Starting : Ondrej Pavelec           
Backup : Laurent Brossoit         

Extra Forwards
Normal : Andrew Cogliano, Max Reinhart, Alexander Radulov - PP : Andrew Cogliano, Max Reinhart - PK : Andrew Cogliano
Extra Defensemen
Normal : Christopher Tanev, Jamie Oleksiak, Anton Lindholm - PP : Christopher Tanev - PK : Christopher Tanev, Jamie Oleksiak
Penalty Shots
Steven Stamkos, Jordan Eberle, Jake Guentzel, Andrei Loktionov, Andrew Cogliano

Scratches
Zach Bogosian (Dislocated Patella Injury)

% Time on Ice - Blues

Lines # - Real PCT - Wanted PCT - Time Play
Normal Forward
1 - 33% - 40% - 15:44
2 - 29% - 30% - 13:54
3 - 24% - 20% - 11:44
4 - 14% - 10% - 6:42
Normal Defense
1 - 40% - 40% - 19:28
2 - 30% - 30% - 14:27
3 - 19% - 20% - 9:14
4 - 10% - 10% - 4:55
PP Forward
1 - 55% - 60% - 3:17
2 - 45% - 40% - 2:42
PP Defense
1 - 55% - 60% - 3:16
2 - 45% - 40% - 2:43
PK Forward
1 - 75% - 60% - 4:27
2 - 25% - 40% - 1:30
PK Defense
1 - 62% - 60% - 3:43
2 - 38% - 40% - 2:14
PK3 Forward
1 - 0% - 60%
2 - 0% - 40%
PK3 Defense
1 - 0% - 60%
2 - 0% - 40%
44 Forward
1 - 0% - 60%
2 - 0% - 40%
44 Defense
1 - 0% - 60%
2 - 0% - 40%
Last Minute Offensive  - 0:00
Last Minute Defensive  - 0:00
Total
Forward - 60:00
Defense - 60:00

% Time on Ice - Golden Knights

Lines # - Real PCT - Wanted PCT - Time Play
Normal Forward
1 - 34% - 40% - 16:25
2 - 27% - 30% - 12:55
3 - 25% - 20% - 11:50
4 - 14% - 10% - 6:54
Normal Defense
1 - 38% - 40% - 18:16
2 - 35% - 30% - 16:45
3 - 25% - 20% - 11:55
4 - 2% - 10% - 1:08
PP Forward
1 - 55% - 60% - 3:17
2 - 45% - 40% - 2:40
PP Defense
1 - 58% - 60% - 3:28
2 - 42% - 40% - 2:29
PK Forward
1 - 71% - 60% - 4:14
2 - 29% - 40% - 1:45
PK Defense
1 - 59% - 60% - 3:33
2 - 41% - 40% - 2:26
PK3 Forward
1 - 0% - 60%
2 - 0% - 40%
PK3 Defense
1 - 0% - 60%
2 - 0% - 40%
44 Forward
1 - 0% - 60%
2 - 0% - 40%
44 Defense
1 - 0% - 60%
2 - 0% - 40%
Last Minute Offensive  - 0:00
Last Minute Defensive  - 0:00
Total
Forward - 60:00
Defense - 60:00

Play-by-Play

1st period


0:01 of 1st period - Nathan MacKinnon wins face-off versus Steven Stamkos in neutral zone.
0:08 of 1st period - Wrist shot by Filip Forsberg.
0:08 of 1st period - Shot Hit the Post.
0:26 of 1st period - Alex Pietrangelo is hit by Alexander Radulov and loses puck.
0:59 of 1st period - Wrist shot by Devin Setoguchi.
0:59 of 1st period - Stopped by Ondrej Pavelec with a rebound.
1:21 of 1st period - Slapshot by Seth Jones.
1:21 of 1st period - Shot Blocked by Christopher Tanev.
1:39 of 1st period - Snap shot by Tyler Johnson.
1:39 of 1st period - Stopped by Ondrej Pavelec without a rebound.
1:40 of 1st period - Nikolaj Ehlers wins face-off versus Andrei Loktionov in Golden Knights zone.
2:33 of 1st period - Seth Jones is hit by Tom Wilson and loses puck.
3:50 of 1st period - Slapshot by Andrei Loktionov.
3:50 of 1st period - Stopped by Carey Price with a rebound.
4:18 of 1st period - Jacob Slavin is hit by Jamie Oleksiak and loses puck.
4:55 of 1st period - Wrist shot by Adam Henrique.
4:55 of 1st period - Stopped by Ondrej Pavelec with a rebound.
5:01 of 1st period - Slapshot by Adam Henrique.
5:01 of 1st period - Shot Blocked by Vladimir Mihalik.
5:43 of 1st period - Snap shot by Steven Stamkos.
5:43 of 1st period - Stopped by Carey Price with a rebound.
6:20 of 1st period - Off-side.
6:21 of 1st period - Adam Henrique wins face-off versus Kyle Rau in neutral zone.
6:38 of 1st period - Wrist shot by Nikolaj Ehlers.
6:38 of 1st period - Stopped by Ondrej Pavelec with a rebound.
7:35 of 1st period - Wrist shot by Devin Setoguchi.
7:35 of 1st period - Shot Misses the Net.
7:41 of 1st period - Matt Martin is hit by Tom Wilson.
7:55 of 1st period - Slapshot by Alex Pietrangelo.
7:55 of 1st period - Shot Blocked by Lawson Crouse.
8:01 of 1st period - Snap shot by Nikolaj Ehlers.
8:01 of 1st period - Stopped by Ondrej Pavelec without a rebound.
8:02 of 1st period - Tyler Johnson wins face-off versus Steven Stamkos in Golden Knights zone.
8:05 of 1st period - Snap shot by Filip Forsberg.
8:05 of 1st period - Shot Misses the Net.
8:17 of 1st period - Slapshot by Jordan Eberle.
8:17 of 1st period - Stopped by Carey Price without a rebound.
8:18 of 1st period - Alexander Radulov wins face-off versus Adam Henrique in Blues zone.
8:25 of 1st period - Snap shot by Andrew Cogliano.
8:25 of 1st period - Stopped by Carey Price with a rebound.
8:27 of 1st period - Slapshot by Andrew Cogliano.
8:27 of 1st period - Stopped by Carey Price without a rebound.
8:28 of 1st period - Andrei Loktionov wins face-off versus Adam Henrique in Blues zone.
8:29 of 1st period - Wrist shot by Andrew Cogliano.
8:29 of 1st period - Shot Misses the Net.
8:39 of 1st period - Wrist shot by Andrew Cogliano.
8:39 of 1st period - Shot Misses the Net.
8:41 of 1st period - Snap shot by Andrew Cogliano.
8:41 of 1st period - Stopped by Carey Price without a rebound.
8:42 of 1st period - Steven Stamkos wins face-off versus Nathan MacKinnon in Blues zone.
9:22 of 1st period - Snap shot by Andrei Loktionov.
9:22 of 1st period - Stopped by Carey Price with a rebound.
9:38 of 1st period - Snap shot by Paul Stastny.
9:38 of 1st period - Shot Blocked by Brandon Montour.
9:40 of 1st period - Wrist shot by Anton Lindholm.
9:40 of 1st period - Shot Blocked by Seth Jones.
9:42 of 1st period - Backhand shot by Max Reinhart.
9:42 of 1st period - Deflect By Paul Stastny.
9:42 of 1st period - Shot Blocked by Brandon Montour.
9:42 of 1st period - Puck is out of play.
9:43 of 1st period - Jake Guentzel wins face-off versus Nathan MacKinnon in Blues zone.
10:10 of 1st period - Snap shot by Adam Henrique.
10:10 of 1st period - Deflect By Nikolaj Ehlers.
10:10 of 1st period - Shot Misses the Net.
10:10 of 1st period - Puck is out of play.
10:11 of 1st period - Adam Henrique wins face-off versus Andrew Cogliano in Golden Knights zone.
10:18 of 1st period - Slapshot by Nikolaj Ehlers.
10:18 of 1st period - Shot Misses the Net.
10:20 of 1st period - Slapshot by Brandon Montour.
10:20 of 1st period - Shot Blocked by Mathew Dumba.
10:22 of 1st period - Snap shot by David Perron.
10:22 of 1st period - Shot Misses the Net.
10:36 of 1st period - Snap shot by Nikolaj Ehlers.
10:36 of 1st period - Stopped by Ondrej Pavelec with a rebound.
10:43 of 1st period - Minor Penalty to Jacob Slavin for High sticking.
10:44 of 1st period - Drew Shore wins face-off versus Jake Guentzel in Blues zone.
11:31 of 1st period - Snap shot by Jake Guentzel.
11:31 of 1st period - Stopped by Carey Price without a rebound.
11:32 of 1st period - Andrei Loktionov wins face-off versus Devin Shore in Blues zone.
12:09 of 1st period - Slapshot by Alex Pietrangelo.
12:09 of 1st period - Stopped by Ondrej Pavelec with a rebound.
12:43 of 1st period - Penalty to Jacob Slavin is over, Jacob Slavin is back on ice.
13:40 of 1st period - Christopher Tanev is hit by Nick Schmaltz.
14:24 of 1st period - Off-side.
14:25 of 1st period - Nathan MacKinnon wins face-off versus Max Reinhart in neutral zone.
14:36 of 1st period - Slapshot by Mathew Dumba.
14:36 of 1st period - Stopped by Carey Price with a rebound.
15:26 of 1st period - Slapshot by Seth Jones.
15:26 of 1st period - Stopped by Ondrej Pavelec with a rebound.
15:28 of 1st period - Wrist shot by Adam Henrique.
15:28 of 1st period - Stopped by Ondrej Pavelec without a rebound.
15:29 of 1st period - Adam Henrique wins face-off versus Kyle Rau in Golden Knights zone.
15:38 of 1st period - Wrist shot by Nikolaj Ehlers.
15:38 of 1st period - Shot Hit the Post.
15:40 of 1st period - Snap shot by Adam Henrique.
15:40 of 1st period - Goal by Adam Henrique - Blues : 1 - Golden Knights : 0.
15:41 of 1st period - Nathan MacKinnon wins face-off versus Steven Stamkos in neutral zone.
15:44 of 1st period - Jake Guentzel is hit by Filip Forsberg and loses puck.
15:49 of 1st period - Wrist shot by Tyler Johnson.
15:49 of 1st period - Stopped by Ondrej Pavelec with a rebound.
15:51 of 1st period - Snap shot by Filip Forsberg.
15:51 of 1st period - Stopped by Ondrej Pavelec with a rebound.
15:55 of 1st period - Wrist shot by Nathan MacKinnon.
15:55 of 1st period - Shot Blocked by Olli Maatta.
16:52 of 1st period - Wrist shot by Filip Forsberg.
16:52 of 1st period - Shot Misses the Net.
16:54 of 1st period - Snap shot by Tyler Johnson.
16:54 of 1st period - Deflect By Filip Forsberg.
16:54 of 1st period - Goal by Filip Forsberg - Blues : 2 - Golden Knights : 0.
16:55 of 1st period - Nathan MacKinnon wins face-off versus Steven Stamkos in neutral zone.
17:22 of 1st period - Alexander Radulov is hit by Jacob Slavin.
17:50 of 1st period - Devin Shore is hit by Lawson Crouse.
17:56 of 1st period - Slapshot by Jacob Slavin.
17:56 of 1st period - Stopped by Ondrej Pavelec with a rebound.
18:17 of 1st period - Jordan Eberle is hit by Devin Shore.
19:01 of 1st period - Wrist shot by Andrei Loktionov.
19:01 of 1st period - Stopped by Carey Price without a rebound.
19:02 of 1st period - Steven Stamkos wins face-off versus Nathan MacKinnon in Blues zone.
19:10 of 1st period - Snap shot by Jake Guentzel.
19:10 of 1st period - Goal by Jake Guentzel - Blues : 2 - Golden Knights : 1.
19:11 of 1st period - Steven Stamkos wins face-off versus Nathan MacKinnon in neutral zone.
19:37 of 1st period - Alex Pietrangelo is hit by Olli Maatta.
19:41 of 1st period - Wrist shot by Andrei Loktionov.
19:41 of 1st period - Shot Blocked by David Perron.
19:43 of 1st period - Slapshot by Christopher Tanev.
19:43 of 1st period - Shot Blocked by Alex Pietrangelo.
19:45 of 1st period - Snap shot by Alexander Radulov.
19:45 of 1st period - Stopped by Carey Price with a rebound.
19:47 of 1st period - Snap shot by Alexander Radulov.
19:47 of 1st period - Stopped by Carey Price without a rebound.
19:48 of 1st period - Nathan MacKinnon wins face-off versus Steven Stamkos in Blues zone.
19:57 of 1st period - Snap shot by Tyler Johnson.
19:57 of 1st period - Shot Misses the Net.
Goals for this period are 2 for Blues vs 1 for Golden Knights.
Shots for this period are 14 for Blues vs 13 for Golden Knights.

2nd period


0:01 of 2nd period - Nathan MacKinnon wins face-off versus Steven Stamkos in neutral zone.
0:06 of 2nd period - Olli Maatta is hit by Filip Forsberg and loses puck.
0:27 of 2nd period - Brandon Montour is hit by Paul Stastny and loses puck.
0:36 of 2nd period - Wrist shot by Paul Stastny.
0:36 of 2nd period - Stopped by Carey Price with a rebound.
0:38 of 2nd period - Slapshot by Vladimir Mihalik.
0:38 of 2nd period - Shot Misses the Net.
0:40 of 2nd period - Backhand shot by Paul Stastny.
0:40 of 2nd period - Stopped by Carey Price with a rebound.
1:00 of 2nd period - Andrei Loktionov is hit by Adam Henrique and loses puck.
1:21 of 2nd period - Wrist shot by Jacob Slavin.
1:21 of 2nd period - Stopped by Ondrej Pavelec with a rebound.
1:33 of 2nd period - Luke Glendening is hit by Alex Pietrangelo and loses puck.
2:02 of 2nd period - Wrist shot by Adam Henrique.
2:02 of 2nd period - Goal by Adam Henrique - Blues : 3 - Golden Knights : 1.
2:03 of 2nd period - Nathan MacKinnon wins face-off versus Steven Stamkos in neutral zone.
2:05 of 2nd period - Off-side.
2:06 of 2nd period - Steven Stamkos wins face-off versus Nathan MacKinnon in neutral zone.
2:09 of 2nd period - Wrist shot by Jordan Eberle.
2:09 of 2nd period - Stopped by Carey Price without a rebound.
2:10 of 2nd period - Steven Stamkos wins face-off versus Nathan MacKinnon in Blues zone.
2:11 of 2nd period - Snap shot by Jordan Eberle.
2:11 of 2nd period - Goal by Jordan Eberle - Blues : 3 - Golden Knights : 2.
2:12 of 2nd period - Steven Stamkos wins face-off versus Nathan MacKinnon in neutral zone.
2:16 of 2nd period - Off-side.
2:17 of 2nd period - Steven Stamkos wins face-off versus Filip Forsberg in neutral zone.
3:14 of 2nd period - Lawson Crouse is hit by Adam Henrique and loses puck.
3:27 of 2nd period - Snap shot by Paul Stastny.
3:27 of 2nd period - Stopped by Carey Price without a rebound.
3:28 of 2nd period - Drew Shore wins face-off versus Max Reinhart in Blues zone.
3:37 of 2nd period - Snap shot by Samuel Morin.
3:37 of 2nd period - Stopped by Ondrej Pavelec with a rebound.
3:39 of 2nd period - Wrist shot by Drew Shore.
3:39 of 2nd period - Shot Misses the Net.
3:49 of 2nd period - Minor Penalty to Vladimir Mihalik for Holding.
3:50 of 2nd period - Adam Henrique wins face-off versus Steven Stamkos in Golden Knights zone.
4:37 of 2nd period - Andrei Loktionov is hit by David Perron and loses puck.
5:49 of 2nd period - Penalty to Vladimir Mihalik is over, Vladimir Mihalik is back on ice.
6:06 of 2nd period - Wrist shot by Paul Stastny.
6:06 of 2nd period - Shot Misses the Net.
6:08 of 2nd period - Wrist shot by Tom Wilson.
6:08 of 2nd period - Shot Blocked by Brandon Montour.
6:10 of 2nd period - Slapshot by Vladimir Mihalik.
6:10 of 2nd period - Deflect By Tom Wilson.
6:10 of 2nd period - Shot Hit the Post.
6:10 of 2nd period - Puck is out of play.
6:11 of 2nd period - Drew Shore wins face-off versus Kyle Rau in Blues zone.
6:11 of 2nd period - Drew Shore is hit by Kyle Rau.
7:14 of 2nd period - David Perron is hit by Jake Guentzel and loses puck.
8:17 of 2nd period - Off-side.
8:18 of 2nd period - Steven Stamkos wins face-off versus Adam Henrique in neutral zone.
8:18 of 2nd period - Steven Stamkos is hit by Adam Henrique.
8:22 of 2nd period - Nikolaj Ehlers is hit by Steven Stamkos.
8:23 of 2nd period - Icing by Nikolaj Ehlers.
8:24 of 2nd period - Steven Stamkos wins face-off versus Adam Henrique in Blues zone.
9:19 of 2nd period - Wrist shot by Drew Shore.
9:19 of 2nd period - Shot Misses the Net.
9:41 of 2nd period - Slapshot by Lawson Crouse.
9:41 of 2nd period - Shot Blocked by Brandon Montour.
10:06 of 2nd period - Wrist shot by Adam Henrique.
10:06 of 2nd period - Stopped by Ondrej Pavelec with a rebound.
10:13 of 2nd period - Icing by Mathew Dumba.
10:14 of 2nd period - Devin Shore wins face-off versus Alexander Radulov in Golden Knights zone.
10:19 of 2nd period - Wrist shot by Matt Martin.
10:19 of 2nd period - Stopped by Ondrej Pavelec with a rebound.
10:21 of 2nd period - Slapshot by Devin Setoguchi.
10:21 of 2nd period - Stopped by Ondrej Pavelec with a rebound.
10:25 of 2nd period - Wrist shot by Matt Martin.
10:25 of 2nd period - Stopped by Ondrej Pavelec without a rebound.
10:26 of 2nd period - Nathan MacKinnon wins face-off versus Jordan Eberle in Golden Knights zone.
10:55 of 2nd period - Wrist shot by Filip Forsberg.
10:55 of 2nd period - Shot Misses the Net.
11:04 of 2nd period - Off-side.
11:05 of 2nd period - Devin Setoguchi wins face-off versus Jordan Eberle in neutral zone.
11:57 of 2nd period - David Perron is hit by Paul Stastny and loses puck.
12:14 of 2nd period - Minor Penalty to Tom Wilson for Roughing.
12:15 of 2nd period - Steven Stamkos wins face-off versus Adam Henrique in Golden Knights zone.
12:58 of 2nd period - Slapshot by Andrei Loktionov.
12:58 of 2nd period - Shot Misses the Net.
13:30 of 2nd period - Jacob Slavin is hit by Christopher Tanev and loses puck.
14:14 of 2nd period - Penalty to Tom Wilson is over, Tom Wilson is back on ice.
14:55 of 2nd period - Slapshot by Jamie Oleksiak.
14:55 of 2nd period - Deflect By Devin Shore.
14:55 of 2nd period - Goal by Jamie Oleksiak - Blues : 3 - Golden Knights : 3.
14:56 of 2nd period - Steven Stamkos wins face-off versus Filip Forsberg in neutral zone.
15:33 of 2nd period - Slapshot by Seth Jones.
15:33 of 2nd period - Stopped by Ondrej Pavelec with a rebound.
16:41 of 2nd period - Wrist shot by Max Reinhart.
16:41 of 2nd period - Shot Misses the Net.
16:43 of 2nd period - Slapshot by Christopher Tanev.
16:43 of 2nd period - Stopped by Carey Price without a rebound.
16:44 of 2nd period - Max Reinhart wins face-off versus Nathan MacKinnon in Blues zone.
16:51 of 2nd period - Wrist shot by Tom Wilson.
16:51 of 2nd period - Shot Misses the Net.
17:16 of 2nd period - Slapshot by Olli Maatta.
17:16 of 2nd period - Stopped by Carey Price without a rebound.
17:17 of 2nd period - Devin Shore wins face-off versus Steven Stamkos in Blues zone.
17:17 of 2nd period - Devin Shore is hit by Jake Guentzel.
17:42 of 2nd period - Minor Penalty to Christopher Tanev for Roughing.
17:43 of 2nd period - Adam Henrique wins face-off versus Steven Stamkos in Golden Knights zone.
17:44 of 2nd period - Wrist shot by Tyler Johnson.
17:44 of 2nd period - Goal by Tyler Johnson - Blues : 4 - Golden Knights : 3.
17:45 of 2nd period - Steven Stamkos wins face-off versus Nathan MacKinnon in neutral zone.
17:58 of 2nd period - Jake Guentzel is hit by Nathan MacKinnon and loses puck.
18:44 of 2nd period - Snap shot by Devin Setoguchi.
18:44 of 2nd period - Shot Misses the Net.
18:46 of 2nd period - Wrist shot by Matt Martin.
18:46 of 2nd period - Shot Misses the Net.
Goals for this period are 2 for Blues vs 2 for Golden Knights.
Shots for this period are 9 for Blues vs 8 for Golden Knights.

3rd period


0:01 of 3rd period - Steven Stamkos wins face-off versus Nathan MacKinnon in neutral zone.
0:08 of 3rd period - Snap shot by Jake Guentzel.
0:08 of 3rd period - Shot Blocked by Alex Pietrangelo.
0:10 of 3rd period - Slapshot by Olli Maatta.
0:10 of 3rd period - Stopped by Carey Price with a rebound.
0:12 of 3rd period - Slapshot by Olli Maatta.
0:12 of 3rd period - Stopped by Carey Price with a rebound.
0:32 of 3rd period - Snap shot by Adam Henrique.
0:32 of 3rd period - Stopped by Ondrej Pavelec without a rebound.
0:33 of 3rd period - Steven Stamkos wins face-off versus Adam Henrique in Golden Knights zone.
1:08 of 3rd period - Wrist shot by Jake Guentzel.
1:08 of 3rd period - Stopped by Carey Price with a rebound.
1:10 of 3rd period - Snap shot by Jordan Eberle.
1:10 of 3rd period - Stopped by Carey Price with a rebound.
1:12 of 3rd period - Snap shot by Steven Stamkos.
1:12 of 3rd period - Deflect By Jordan Eberle.
1:12 of 3rd period - Stopped by Carey Price without a rebound.
1:13 of 3rd period - Nathan MacKinnon wins face-off versus Andrei Loktionov in Blues zone.
1:28 of 3rd period - Snap shot by Alexander Radulov.
1:28 of 3rd period - Goal by Alexander Radulov - Blues : 4 - Golden Knights : 4.
1:29 of 3rd period - Steven Stamkos wins face-off versus Nathan MacKinnon in neutral zone.
1:46 of 3rd period - Slapshot by Nathan MacKinnon.
1:46 of 3rd period - Stopped by Ondrej Pavelec with a rebound.
2:24 of 3rd period - Snap shot by Devin Setoguchi.
2:24 of 3rd period - Shot Misses the Net.
2:30 of 3rd period - Devin Setoguchi is hit by Tom Wilson and loses puck.
3:32 of 3rd period - Slapshot by Adam Henrique.
3:32 of 3rd period - Goal by Adam Henrique - Blues : 5 - Golden Knights : 4.
3:33 of 3rd period - Nathan MacKinnon wins face-off versus Andrei Loktionov in neutral zone.
3:51 of 3rd period - Minor Penalty to Andrei Loktionov for Tripping.
3:52 of 3rd period - Adam Henrique wins face-off versus Steven Stamkos in Golden Knights zone.
4:27 of 3rd period - Off-side.
4:28 of 3rd period - Kyle Rau wins face-off versus Nathan MacKinnon in neutral zone.
4:31 of 3rd period - Slapshot by Vladimir Mihalik.
4:31 of 3rd period - Shot Misses the Net.
4:37 of 3rd period - Slapshot by Nathan MacKinnon.
4:37 of 3rd period - Stopped by Ondrej Pavelec with a rebound.
4:39 of 3rd period - Wrist shot by Nikolaj Ehlers.
4:39 of 3rd period - Shot Blocked by Christopher Tanev.
4:41 of 3rd period - Slapshot by Seth Jones.
4:41 of 3rd period - Shot Blocked by Vladimir Mihalik.
4:43 of 3rd period - Slapshot by Brandon Montour.
4:43 of 3rd period - Shot Blocked by Kyle Rau.
5:00 of 3rd period - Slapshot by Alex Pietrangelo.
5:00 of 3rd period - Shot Blocked by Vladimir Mihalik.
5:02 of 3rd period - Slapshot by Filip Forsberg.
5:02 of 3rd period - Stopped by Ondrej Pavelec with a rebound.
5:04 of 3rd period - Snap shot by Tyler Johnson.
5:04 of 3rd period - Stopped by Ondrej Pavelec with a rebound.
5:51 of 3rd period - Penalty to Andrei Loktionov is over, Andrei Loktionov is back on ice.
5:58 of 3rd period - Slapshot by Paul Stastny.
5:58 of 3rd period - Shot Misses the Net.
6:11 of 3rd period - Anton Lindholm is hit by Devin Setoguchi and loses puck.
6:24 of 3rd period - Samuel Morin is hit by Jamie Oleksiak and loses puck.
6:38 of 3rd period - Icing by Samuel Morin.
6:39 of 3rd period - Lawson Crouse wins face-off versus Drew Shore in Blues zone.
6:46 of 3rd period - Wrist shot by Jordan Eberle.
6:46 of 3rd period - Shot Blocked by Cody Ceci.
7:30 of 3rd period - Wrist shot by Andrei Loktionov.
7:30 of 3rd period - Stopped by Carey Price without a rebound.
7:31 of 3rd period - Andrei Loktionov wins face-off versus Nikolaj Ehlers in Blues zone.
7:40 of 3rd period - Snap shot by Alexander Radulov.
7:40 of 3rd period - Shot Blocked by Martin Marincin.
7:44 of 3rd period - Wrist shot by Andrei Loktionov.
7:44 of 3rd period - Stopped by Carey Price with a rebound.
7:46 of 3rd period - Slapshot by Vladimir Mihalik.
7:46 of 3rd period - Stopped by Carey Price with a rebound.
8:04 of 3rd period - Wrist shot by Tyler Johnson.
8:04 of 3rd period - Shot Misses the Net.
10:45 of 3rd period - Tyler Johnson is hit by Christopher Tanev and loses puck.
11:14 of 3rd period - Snap shot by Andrei Loktionov.
11:14 of 3rd period - Stopped by Carey Price without a rebound.
11:15 of 3rd period - Andrei Loktionov wins face-off versus Nathan MacKinnon in Blues zone.
11:22 of 3rd period - Slapshot by Alexander Radulov.
11:22 of 3rd period - Shot Blocked by Nathan MacKinnon.
11:30 of 3rd period - Snap shot by Alexander Radulov.
11:30 of 3rd period - Stopped by Carey Price with a rebound.
11:36 of 3rd period - Minor Penalty to Alex Pietrangelo for Tripping.
11:37 of 3rd period - Drew Shore wins face-off versus Steven Stamkos in Blues zone.
13:36 of 3rd period - Penalty to Alex Pietrangelo is over, Alex Pietrangelo is back on ice.
13:51 of 3rd period - Tom Wilson is hit by Brandon Montour.
15:04 of 3rd period - Slapshot by Seth Jones.
15:04 of 3rd period - Stopped by Ondrej Pavelec with a rebound.
15:16 of 3rd period - Minor Penalty to Brandon Montour for Holding.
15:17 of 3rd period - Drew Shore wins face-off versus Steven Stamkos in Blues zone.
15:17 of 3rd period - Drew Shore is hit by Jordan Eberle.
15:27 of 3rd period - Martin Marincin is hit by Olli Maatta and loses puck.
15:59 of 3rd period - Wrist shot by Devin Shore.
15:59 of 3rd period - Stopped by Ondrej Pavelec without a rebound.
16:00 of 3rd period - Steven Stamkos wins face-off versus Drew Shore in Golden Knights zone.
17:16 of 3rd period - Penalty to Brandon Montour is over, Brandon Montour is back on ice.
17:23 of 3rd period - Seth Jones is hit by Andrei Loktionov and loses puck.
17:34 of 3rd period - Brandon Montour is hit by Anton Lindholm and loses puck.
17:47 of 3rd period - Snap shot by David Perron.
17:47 of 3rd period - Goal by David Perron - Blues : 6 - Golden Knights : 4.
17:48 of 3rd period - Steven Stamkos wins face-off versus Devin Shore in neutral zone.
18:00 of 3rd period - Slapshot by Steven Stamkos.
18:00 of 3rd period - Shot Misses the Net.
18:02 of 3rd period - Backhand shot by Steven Stamkos.
18:02 of 3rd period - Stopped by Carey Price without a rebound.
18:03 of 3rd period - Max Reinhart wins face-off versus Nathan MacKinnon in Blues zone.
18:06 of 3rd period - Snap shot by Tom Wilson.
18:06 of 3rd period - Shot Misses the Net.
18:08 of 3rd period - Slapshot by Max Reinhart.
18:08 of 3rd period - Stopped by Carey Price without a rebound.
18:09 of 3rd period - Nathan MacKinnon wins face-off versus Max Reinhart in Blues zone.
19:07 of 3rd period - Slapshot by Christopher Tanev.
19:07 of 3rd period - Shot Misses the Net.
19:38 of 3rd period - Steven Stamkos is hit by Nick Schmaltz and loses puck.
Goals for this period are 2 for Blues vs 1 for Golden Knights.
Shots for this period are 9 for Blues vs 13 for Golden Knights.